[Event "Early-Titled-Tuesday-Blitz-April-16-2024"]
[Site "Chess.com"]
[Date "2024.04.16"]
[Round "5"]
[White "Khromkin"]
[Black "HajiyevKanan"]
[Result "1/2-1/2"]
[WhiteElo "2378"]
[BlackElo "2623"]
[TimeControl "180+1"]
[EndTime "8:55:57 PDT"]
[Termination "Game drawn by repetition"]

1. d4 d5 2. c4 c6 3. Nf3 Nf6 4. cxd5 cxd5 5. Nc3 a6 6. Bf4 Nc6 7. Ne5 Qb6 8. Nxc6 Qxc6 9. e3 Bf5 10. Bd3 Bxd3 11.
Qxd3 e6 12. O-O Bd6 13. Bg5 O-O 14. Bxf6 gxf6 15. f4 f5 16. g4 fxg4 17. f5 Qc4 18. Qd1 h5 19. h3 Kh8 20. Qe1 Rg8 21. Qh4 gxh3+ 22. Kh1 Rg7 23. Rg1 Rag8 24. Qxh5+ Rh7 25. Rxg8+ Kxg8 26. Rg1+ Rg7 27. Rxg7+ Kxg7 28. Qg5+ Kh7 29. Qh5+ Kg7 30. Qg5+ Kh7 31. f6 Bf8 32. Qh5+ Kg8 33. Qg5+ Kh7 34. Qh5+ Kg8 35. Qg5+ Kh7 1/2-1/2

[Event "Early-Titled-Tuesday-Blitz-April-16-2024"]
[Site "Chess.com"]
[Date "2024.04.16"]
[Round "5"]
[White "Gryffindorac8"]
[Black "djano"]
[Result "0-1"]
[WhiteElo "2438"]
[BlackElo "2604"]
[TimeControl "180+1"]
[EndTime "8:55:57 PDT"]
[Termination "djano won on time"]

1. d4 Nf6 2. c4 e5 3. dxe5 Ng4 4.
Nf3 Nc6 5. Bf4 Bb4+ 6. Nbd2 Qe7 7. a3 Ngxe5 8. Nxe5 Nxe5 9. e3 Bxd2+ 10. Qxd2 d6 11.
Be2 Be6 12. Rc1 O-O 13. O-O a5 14. Rfd1 b6 15. b4 axb4 16. axb4 Ra4 17. c5 bxc5 18. bxc5 Ra2 19. cxd6 cxd6 20. Qxd6 Qxd6 21. Rxd6 Ng6 22. Bf3 Nxf4 23. exf4 g6 24. h4 Rb8 25. h5 Kg7 26. Rc7 Kf6 27. g4 gxh5 28. g5+ Kg6 29. Be4+ Kg7 30. Rxe6 Re2 31. Ree7 Rf8 32. Bd5 Rd2 0-1

[Event "Early-Titled-Tuesday-Blitz-April-16-2024"]
[Site "Chess.com"]
[Date "2024.04.16"]
[Round "5"]
[White "ChessSG1"]
[Black "Acva-Alenok"]
[Result "0-1"]
[WhiteElo "2410"]
[BlackElo "2317"]
[TimeControl "180+1"]
[EndTime "8:55:57 PDT"]
[Termination "Acva-Alenok won by resignation"]

1. c4 e5 2. g3 Nf6 3. Bg2 d5 4. cxd5 Nxd5 5. Nc3 Nb6 6. Nf3 Nc6 7. O-O Be7 8. Rb1 a5 9. d3 O-O 10. Be3 Be6 11.
a3 Nd5 12. Nxd5 Bxd5 13. Qa4 Re8 14. Rbc1 Bf6 15. Nd2 Bxg2 16. Kxg2 Nd4 17. Rfe1 c6 18. Ne4 Be7 19. Nc5 Qd5+ 20. f3 Bxc5 21. Bf2 Bf8 22.
e4 Qd7 23. Qc4 Qe6 24. Qc3 Red8 25. f4 Qg4 26. Re3 exf4 27. h3 Qg5 28. Ree1 f3+ 29. Kh2 Ne2 30. Qc2 Nxc1 31. Rxc1 Rxd3 32. h4 Qd2 33.
Qc4 Qxf2+ 34. Kh3 h5 35. Rc2 Qf1+ 36. Kh2 f2 37. Rxf2 Qxf2+ 38. Kh3 Qf1+ 39. Kh2 Rd2+ 0-1

[Event "Early-Titled-Tuesday-Blitz-April-16-2024"]
[Site "Chess.com"]
[Date "2024.04.16"]
[Round "5"]
[White "NasirAkylbekov"]
[Black "Sasha_Solovev_777"]
[Result "1-0"]
[WhiteElo "2457"]
[BlackElo "2188"]
[TimeControl "180+1"]
[EndTime "8:55:57 PDT"]
[Termination "NasirAkylbekov won on time"]

1. e4 c5 2. Nf3 d6 3. Nc3 Nf6 4. d4 cxd4 5. Nxd4 a6 6. Bc4 e6 7.
Be3 Be7 8. Bb3 b5 9. f3 Qc7 10. Qd2 Nc6 11. O-O-O O-O 12. g4 Ne5 13. h4 Nc4 14.
Bxc4 bxc4 15. Rdg1 Rb8 16. h5 d5 17. e5 Nd7 18. f4 Bb4 19. g5 Nc5 20. Nde2 Ne4 21. Qd1 Bxc3 22. Nxc3 Nxc3 23. bxc3 Qa5 24. Bd4 Bd7 25. Kd2 Rb2 26. Qa1 Rxa2 27. Qb1 Ra3 28. Qb2 Ra2 29. Qb1 Ra3 30. Qb7 Ba4 31. Qb2 Bxc2 32. Ra1 Rxa1 33. Rxa1 Ba4 34. Qa3 Qb5 35. Qxa4 Qb2+ 36. Ke3 Qg2 37. Qd1 Qe4+ 38. Kd2 Qxf4+ 39. Kc2 Qxg5 40. Qf3 1-0

[Event "Early-Titled-Tuesday-Blitz-April-16-2024"]
[Site "Chess.com"]
[Date "2024.04.16"]
[Round "5"]
[White "Alonmindlin"]
[Black "Nitzan_Steinberg"]
[Result "0-1"]
[WhiteElo "2681"]
[BlackElo "2902"]
[TimeControl "180+1"]
[EndTime "8:55:59 PDT"]
[Termination "Nitzan_Steinberg won by resignation"]

1. d4 Nf6 2. c4 e6 3. Nf3 Bb4+ 4. Nc3 d5 5. e3 O-O 6. Bd3 c5 7. O-O Nc6 8. a3 Bxc3 9. bxc3 dxc4 10. Bxc4 Qc7 11. h3 b6 12. Qe2 Bb7 13. Bb2 Na5 14. Bd3 c4 15. Bc2 Be4 16. Bxe4 Nxe4 17. Ne5 b5 18.
Rad1 Nc6 19. Nxc6 Qxc6 20. Qe1 f5 21. f3 Nf6 22. Qh4 a5 23. Rde1 b4 24. e4 Rab8 25. axb4 axb4 26. d5 exd5 27. exf5 Qb6+ 28. Kh1 d4 29.
Re6 Qa7 30. Ra1 Qc5 31. cxb4 Qxf5 32. Re7 c3 33. Bc1 Rxb4 34. Raa7 Rb1 35. Rxg7+ Kh8 36. Qh6 Re8 37. Rg5 Rxc1+ 38. Kh2 Qf4+ 0-1

[Event "Early-Titled-Tuesday-Blitz-April-16-2024"]
[Site "Chess.com"]
[Date "2024.04.16"]
[Round "5"]
[White "Boundless_Strike"]
[Black "Eloist"]
[Result "1-0"]
[WhiteElo "2648"]
[BlackElo "2488"]
[TimeControl "180+1"]
[EndTime "8:56:01 PDT"]
[Termination "Boundless_Strike won by checkmate"]

1. d4 e6 2. e3 Nf6 3. Bd3 c5 4.
c3 d5 5. Nd2 Nc6 6. f4 cxd4 7.
exd4 Bd6 8. Qf3 O-O 9. Nh3 b5 10. O-O Qb6 11. Kh1 b4 12. Nf2 Ba6 13. Bxa6 Qxa6 14.
Rg1 bxc3 15. bxc3 Rab8 16. g4 Nd7 17. g5 Ne7 18. Nf1 Nf5 19. Ng3 Rfc8 20. Ng4 Qa5 21.
Bd2 Rb2 22. Be1 Rxa2 23. Rxa2 Qxa2 24. Nxf5 exf5 25. Nh6+ gxh6 26. gxh6+ Kh8 27. Qg3 Be5 28. dxe5 Qc2 29. Qg7# 1-0

[Event "Early-Titled-Tuesday-Blitz-April-16-2024"]
[Site "Chess.com"]
[Date "2024.04.16"]
[Round "5"]
[White "Jojo_898"]
[Black "tetrix83"]
[Result "0-1"]
[WhiteElo "2465"]
[BlackElo "2618"]
[TimeControl "180+1"]
[EndTime "8:56:01 PDT"]
[Termination "tetrix83 won by resignation"]

1. e4 c5 2. Nf3 e6 3. c3 Nf6 4.
Bd3 Nc6 5. Bc2 Qc7 6. O-O d5 7. exd5 exd5 8. d4 c4 9. Bg5 Be7 10. b3 cxb3 11. Bxb3 Be6 12. Qd3 h6 13. Bh4 O-O 14.
Nbd2 g6 15. Rfe1 Kg7 16. c4 Nb4 17. Qc3 dxc4 18. Rac1 b5 19. d5 Nxd5 20. Qd4 Bc5 21. Qa1 g5 22. Bg3 Qb6 23. Bxc4 bxc4 24. Nxc4 Qb4 25.
Be5 Rac8 26. a3 Qb3 27. Red1 Be7 28. Na5 Rxc1 29. Rxc1 Qxa3 30. Nc6 Qxa1 31. Bxa1 Rc8 32. Bb2 Bd6 33. Nfd4 Nf4 34. g3 Nd3 35. Rc2 Nxb2 36. Rxb2 Bh3 37. f3 Bc5 38. Rd2 Rxc6 0-1

[Event "Early-Titled-Tuesday-Blitz-April-16-2024"]
[Site "Chess.com"]
[Date "2024.04.16"]
[Round "5"]
[White "MaiqMaster"]
[Black "HanSchut"]
[Result "1-0"]
[WhiteElo "2430"]
[BlackElo "2301"]
[TimeControl "180+1"]
[EndTime "8:56:02 PDT"]
[Termination "MaiqMaster won by resignation"]

1. e4 c5 2. Nc3 Nc6 3. Bb5 Nd4 4.
Nf3 Nxb5 5. Nxb5 d6 6. O-O a6 7. Nc3 Nf6 8. d4 cxd4 9. Qxd4 Bg4 10. Qe3 e6 11. h3 Bh5 12. Ne2 Rc8 13. c3 Qc7 14. Nf4 Bg6 15. Nxg6 hxg6 16. Rd1 Qc6 17. e5 dxe5 18. Nxe5 Qc5 19. Qe2 Bd6 20. Nd3 Qh5 21. Qxh5 gxh5 22. Bf4 Bxf4 23. Nxf4 g6 24. Rd3 Ke7 25.
Rad1 Rhd8 26. Kf1 Rxd3 27. Rxd3 Rd8 28. Ke2 Rxd3 29. Nxd3 Kd6 30. c4 b5 31. c5+ Kd5 32.
b4 Ne4 33. Kd1 f6 34. f3 Nc3+ 35. Kc2 Na4 36. Nb2 Nxb2 37. Kxb2 Kc6 38. Kc3 Kd5 39.
Kd3 Kc6 40. Kd4 e5+ 41. Ke4 Kc7 42. f4 exf4 43. Kxf4 Kc6 44. g4 hxg4 45. hxg4 Kd5 46. a3 Ke6 47. Ke4 Kd7 48. Kd5 Kc7 49. Ke6 f5 50.
gxf5 g5 51. Ke5 g4 52. Kf4 g3 53. Kxg3 1-0

[Event "Early-Titled-Tuesday-Blitz-April-16-2024"]
[Site "Chess.com"]
[Date "2024.04.16"]
[Round "5"]
[White "LegenDaDaDa"]
[Black "JACK_BAU3R"]
[Result "1-0"]
[WhiteElo "2281"]
[BlackElo "1990"]
[TimeControl "180+1"]
[EndTime "8:56:02 PDT"]
[Termination "LegenDaDaDa won on time"]

1. d4 d5 2. c4 e6 3. cxd5 exd5 4. Nc3 c6 5. Nf3 h6 6. Bf4 Bd6 7. Bxd6 Qxd6 8. e3 Bf5 9. Rc1 Nd7 10. Be2 Ngf6 11.
O-O O-O 12. a3 Rfe8 13. b4 b5 14. Qb3 a5 15. bxa5 Rxa5 16. Qb4 Qxb4 17. axb4 Ra6 18. h3 Nb6 19. Ne5 Nc4 20. Rfd1 Nxe5 21. dxe5 Rxe5 22. Bf3 Ne4 23. Ne2 Bd7 24. Nd4 Nd6 25. Nb3 Nc4 26.
Nc5 Ra7 27. e4 Be6 28. exd5 Bxd5 29. Ra1 Rxa1 30. Rxa1 Bxf3 31. gxf3 Nd2 32. Ra3 Rd5 33. Kg2 Rd4 34. Ra8+ Kh7 35. Ra2 Nc4 36. Ra7 Kg6 37.
Rc7 Ne5 38. Na6 Kf6 39. Rc8 Ke6 40. Nb8 Rxb4 41. Re8+ Kd6 42. Rxe5 Kxe5 43. Nxc6+ Kd5 44. Nxb4+ Kc4 45. Nc2 Kc3 46. Ne3 b4 47. f4 b3 48.
Kf3 Kd2 49. f5 b2 50. Nc4+ Kc3 51. Nxb2 Kxb2 52. Ke4 Kc3 53. f6 g5 54. Kd5 Kd3 55. Kd6 Ke4 56. Ke7 1-0

[Event "Early-Titled-Tuesday-Blitz-April-16-2024"]
[Site "Chess.com"]
[Date "2024.04.16"]
[Round "5"]
[White "bescmelasti"]
[Black "VinzentSpitzl"]
[Result "0-1"]
[WhiteElo "2637"]
[BlackElo "2469"]
[TimeControl "180+1"]
[EndTime "8:56:03 PDT"]
[Termination "VinzentSpitzl won by resignation"]

1. e4 d5 2. exd5 Qxd5 3. Nc3 Qd8 4. d4 Nf6 5. Nf3 g6 6. Bc4 Bg7 7. O-O O-O 8. h3 a6 9. a4 Nc6 10. Re1 b6 11. d5 Na5 12. Ba2 c5 13. Bf4 Bb7 14.
Qd2 c4 15. Rad1 Rc8 16. Ne5 Rc5 17. Be3 Rc8 18. b4 cxb3 19. cxb3 Nd7 20. Nxd7 Bxc3 21. Nxf8 Bxd2 22. Rxd2 Kxf8 23. Bg5 f6 24. Bh6+ Kg8 25. Re4 b5 26. h4 Qd6 27. Bf4 Qd7 28. h5 Bxd5 29.
Red4 e6 30. axb5 axb5 31. hxg6 hxg6 32. Bb1 Rc1+ 33. Rd1 Rxd1+ 34. Rxd1 Kf7 35. b4 Nc4 36. Bg3 g5 37. Re1 Qc6 38. Bd3 Bxg2 0-1

[Event "Early-Titled-Tuesday-Blitz-April-16-2024"]
[Site "Chess.com"]
[Date "2024.04.16"]
[Round "5"]
[White "NewYearGirl"]
[Black "YegoryoCh"]
[Result "0-1"]
[WhiteElo "2368"]
[BlackElo "2573"]
[TimeControl "180+1"]
[EndTime "8:56:03 PDT"]
[Termination "YegoryoCh won by resignation"]

1. e4 e5 2. Nf3 Nc6 3. Bc4 Nf6 4. d4 exd4 5. Ng5 Ne5 6. Bb3 h6 7. f4 hxg5 8. fxe5 Nxe4 9. Bd5 Nc5 10. O-O Ne6 11.
Qf3 Qe7 12. Nd2 c6 13. Ne4 Rh4 14. Bxe6 Qxe6 15. Nd6+ Bxd6 16. exd6 f6 17. Bxg5 Re4 18. Qh5+ Kf8 19. Bxf6 Kg8 20. Qg6 Rg4 21. Qh5 Qe3+ 22. Kh1 Qe4 23. Rf2 gxf6 24. Raf1 b6 25. Qh3 Ba6 26. Rg1 Rf8 27. Qh6 Rg7 28. Rf3 Be2 29. Rh3 d3 30. cxd3 Bxd3 31. Rf3 Qg6 32. Qd2 Be4 33.
Rg3 Qxg3 34. Qe2 Bxg2+ 35. Rxg2 Qxg2+ 36. Qxg2 Rxg2 37. Kxg2 Re8 38. Kf3 Re6 39. Kf4 Rxd6 0-1

[Event "Early-Titled-Tuesday-Blitz-April-16-2024"]
[Site "Chess.com"]
[Date "2024.04.16"]
[Round "5"]
[White "lluiss"]
[Black "maracayo"]
[Result "0-1"]
[WhiteElo "2090"]
[BlackElo "2369"]
[TimeControl "180+1"]
[EndTime "8:56:03 PDT"]
[Termination "maracayo won by resignation"]

1. e4 d6 2. d4 Nf6 3. Nc3 c6 4. Nf3 Qa5 5. e5 Ne4 6. Bd3 Nxc3 7. bxc3 dxe5 8. dxe5 Bg4 9. O-O Nd7 10. e6 Bxe6 11. Rb1 Nc5 12. Nd4 Bc8 13. Bc4 e6 14. Qg4 h5 15. Qg3 Ne4 16. Qf4 Nd6 17. Bb3 Be7 18. Nf3 Qf5 19. Qg3 h4 20. Qf4 Qxf4 21. Bxf4 Nb5 22. c4 Nc3 23. Rbe1 a5 24. Be5 a4 25. Bxc3 axb3 26. axb3 h3 27. Bxg7 Rg8 28. Be5 Rxg2+ 29. Kh1 Ra2 30. Re2 f6 31. Bd4 e5 32. Bc3 Bg4 33.
Ng1 Bxe2 34. Re1 Bg4 35. Nxh3 0-1

[Event "Early-Titled-Tuesday-Blitz-April-16-2024"]
[Site "Chess.com"]
[Date "2024.04.16"]
[Round "5"]
[White "AlexeiShirov"]
[Black "Dixit_Nikhil"]
[Result "0-1"]
[WhiteElo "2813"]
[BlackElo "2609"]
[TimeControl "180+1"]
[EndTime "8:56:04 PDT"]
[Termination "Dixit_Nikhil won by resignation"]

1. e4 c5 2. Nf3 Nc6 3. d4 cxd4 4. Nxd4 Nf6 5. Nc3 e5 6. Ndb5 d6 7. Nd5 Nxd5 8. exd5 Nb8 9. a4 Be7 10. Bd2 O-O 11. a5 a6 12. Na3 f5 13. Nc4 Nd7 14. Bb4 Nc5 15. Bxc5 dxc5 16. d6 Bf6 17. Qd5+ Kh8 18. Nb6 e4 19. O-O-O Bd7 20.
Qxb7 Rb8 21. Qxd7 Bxb2+ 22. Kd2 Qg5+ 23. Ke2 Qh5+ 24. f3 exf3+ 25. Kf2 Qh4+ 26. g3 Bd4+ 27.
Rxd4 Qxd4+ 28. Kxf3 Qe4+ 29. Kf2 f4 30. g4 Qe3+ 31.
Kg2 f3+ 32. Kh3 f2+ 33. Kh4 Qh6+ 34. Kg3 Qf4+ 35. Kh4 Rf6 36. Kh3 Qf3+ 37. Kh4 Rh6+ 0-1

[Event "Early-Titled-Tuesday-Blitz-April-16-2024"]
[Site "Chess.com"]
[Date "2024.04.16"]
[Round "5"]
[White "Orphanator2009"]
[Black "JJDAREK"]
[Result "1-0"]
[WhiteElo "2525"]
[BlackElo "2316"]
[TimeControl "180+1"]
[EndTime "8:56:04 PDT"]
[Termination "Orphanator2009 won on time"]

1. e4 d6 2. d4 g6 3. Bc4 Bg7 4. Nf3 Nf6 5. Qe2 O-O 6. O-O Nc6 7. h3 e5 8. dxe5 Nxe5 9. Nxe5 dxe5 10. Rd1 Qe7 11. Nd2 Rd8 12. b3 Nh5 13. Bb2 Nf4 14.
Qf3 Be6 15. Bxe6 Nxe6 16. Nf1 a5 17. a4 Rxd1 18. Rxd1 Rd8 19. Ne3 Nd4 20. Bxd4 exd4 21. Nc4 b6 22. Qd3 Qe6 23. Re1 h5 24. Qg3 Rd7 25.
f4 Kh7 26. Qf3 f5 27. Re2 fxe4 28. Rxe4 Qd5 29. Qd3 Rf7 30. Ne5 Bxe5 31. Rxe5 Qd6 32. g3 c5 33. h4 Kg7 34. Qe4 Qd7 35. Re6 1-0

[Event "Early-Titled-Tuesday-Blitz-April-16-2024"]
[Site "Chess.com"]
[Date "2024.04.16"]
[Round "5"]
[White "ChessSwole"]
[Black "DonCiao"]
[Result "1-0"]
[WhiteElo "2688"]
[BlackElo "2066"]
[TimeControl "180+1"]
[EndTime "8:56:04 PDT"]
[Termination "ChessSwole won on time"]

1. e4 c5 2. Nf3 Nc6 3. d4 cxd4 4. Nxd4 Nf6 5. Nc3 e5 6. Ndb5 d6 7. Bg5 a6 8. Na3 b5 9. Nd5 Be7 10. Bxf6 Bxf6 11. c3 O-O 12. Nc2 Bg5 13. h4 Bh6 14. g4 Bf4 15. Qf3 b4 16. Bc4 bxc3 17.
bxc3 Be6 18. Rd1 Na5 19. Be2 Bxd5 20. Rxd5 Qc7 21. O-O Rac8 22. Nb4 Nc4 23. Rfd1 a5 24. Nc2 Nb2 25. Rb1 Na4 26. c4 Qe7 27. h5 Qh4 28. Rxa5 Nc3 29. Re1 Qh2+ 30. Kf1 Nxe2 31.
Kxe2 Rxc4 32. Qd3 Rfc8 33. Qxc4 Rb8 34. Rb1 Rf8 35. Qd3 Qh4 36. Qf3 f5 37. exf5 e4 38. Qxf4 d5 39. Rxd5 Qf6 40. Rb8 Qa6+ 41. Ke1 1-0

[Event "Early-Titled-Tuesday-Blitz-April-16-2024"]
[Site "Chess.com"]
[Date "2024.04.16"]
[Round "5"]
[White "Savagelittlemole"]
[Black "IsmaelAmadorGarcia"]
[Result "0-1"]
[WhiteElo "2493"]
[BlackElo "2355"]
[TimeControl "180+1"]
[EndTime "8:56:04 PDT"]
[Termination "IsmaelAmadorGarcia won by resignation"]

1. d4 Nf6 2. Bg5 c5 3. d5 d6 4. c4 h6 5. Bd2 Ne4 6. Be3 g6 7. Nd2 Qa5 8. f3 Nf6 9. Kf2 Bg7 10. Nb3 Qd8 11. Qd2 Nbd7 12. Bf4 g5 13. Be3 Ne5 14. Rc1 O-O 15. g3 b5 16. cxb5 Bb7 17. h4 Neg4+ 18.
fxg4 Ne4+ 19. Ke1 Nxd2 20. Nxd2 Bxd5 21. Ngf3 f5 22. hxg5 fxg4 23. gxh6 gxf3 24. hxg7 f2+ 25. Bxf2 Bxh1 26. gxf8=Q+ Qxf8 27. Rc4 Qf5 28. Rh4 Rf8 29. Rxh1 Qxf2+ 30. Kd1 Qd4 31. Bh3 Qxb2 32. Be6+ Kg7 33. Rh4 Rf6 34. Rg4+ Rg6 35. Re4 Rxg3 36. Ke1 Rg5 37.
Bh3 Qc1+ 38. Kf2 Qxd2 39. Rxe7+ Kf8 40. Rxa7 Qf4+ 41. Ke1 Rg1+ 0-1

[Event "Early-Titled-Tuesday-Blitz-April-16-2024"]
[Site "Chess.com"]
[Date "2024.04.16"]
[Round "5"]
[White "Egor_Koshulyan"]
[Black "LeoLV10"]
[Result "1-0"]
[WhiteElo "2727"]
[BlackElo "2508"]
[TimeControl "180+1"]
[EndTime "8:56:06 PDT"]
[Termination "Egor_Koshulyan won on time"]

1. f4 d5 2. Nf3 Nf6 3. g3 c5 4. Bg2 Nc6 5. O-O g6 6. d3 Bg7 7.
Nc3 O-O 8. e4 d4 9. Ne2 a6 10.
h3 Rb8 11. g4 e6 12. Ng3 Nd7 13. h4 e5 14. f5 b5 15. h5 c4 16. g5 Re8 17. Nh4 cxd3 18. hxg6 hxg6 19. fxg6 fxg6 20. Nxg6 Nf8 21. Nxf8 Rxf8 22. cxd3 Be6 23. Qh5 Rxf1+ 24. Bxf1 Qd7 25. g6 Bg4 26. Qh7+ Kf8 27. Bh6 Bxh6 28.
Qh8+ Ke7 29. Qxh6 Rg8 30. Qh7+ Kf8 31. Be2 Be6 32. Rf1+ Ke8 33. Bh5 Qg7 34. Rf7 Bxf7 35. gxf7+ Kf8 36. fxg8=Q+ Qxg8 37. Qf5+ Ke7 38. Kg2 Qxa2 39.
Qg5+ Kd6 40. Nf5+ Kc5 41. Qd2 Nb4 42. Be2 1-0

[Event "Early-Titled-Tuesday-Blitz-April-16-2024"]
[Site "Chess.com"]
[Date "2024.04.16"]
[Round "5"]
[White "Grossboss19"]
[Black "cthulhuuu"]
[Result "1-0"]
[WhiteElo "2592"]
[BlackElo "2430"]
[TimeControl "180+1"]
[EndTime "8:56:07 PDT"]
[Termination "Grossboss19 won by checkmate"]

1. d4 Nf6 2. Nc3 d5 3. Bg5 c6 4. e3 Qb6 5. b3 Nbd7 6. Bd3 e5 7. Bxf6 gxf6 8. a3 exd4 9. exd4 Qxd4 10. Nge2 Qe5 11.
O-O Bd6 12. f4 Qe3+ 13. Kh1 Nc5 14. Re1 Nxd3 15. cxd3 Kf8 16. Rf1 Bg4 17. h3 Bh5 18. Ra2 Re8 19. Qe1 Qxd3 20. Rd2 Qe3 21. Rc2 Rg8 22. Qh4 Bxe2 23. Rxe2 Qxe2 24. Qh6+ Rg7 25.
Nxe2 Rxe2 26. g4 Kg8 27. Qxf6 Be7 28. Qf5 Re6 29. g5 h6 30. h4 Bxa3 31. Ra1 Bc5 32.
b4 Bb6 33. Qg4 hxg5 34. hxg5 Rh7+ 35. Kg2 Re3 36. f5 Rg7 37. f6 Rg6 38. Qc8+ Kh7 39.
Rh1+ Rh6 40. Rxh6# 1-0

[Event "Early-Titled-Tuesday-Blitz-April-16-2024"]
[Site "Chess.com"]
[Date "2024.04.16"]
[Round "5"]
[White "FlemingA"]
[Black "SpongeBob_03"]
[Result "0-1"]
[WhiteElo "2421"]
[BlackElo "2250"]
[TimeControl "180+1"]
[EndTime "8:56:07 PDT"]
[Termination "SpongeBob_03 won by checkmate"]

1. d4 d5 2. c4 e6 3. Nc3 a6 4. Nf3 h6 5. Bf4 Nf6 6. e3 Bd6 7. Ne5 O-O 8. Bd3 dxc4 9. Bxc4 b5 10. Bd3 Bb7 11. O-O Nbd7 12. Qe2 c5 13. Nxd7 Qxd7 14. Bxd6 Qxd6 15. dxc5 Qxc5 16. a3 Rfd8 17.
Rfd1 Rac8 18. Rac1 Qg5 19. e4 Ng4 20. h3 Ne5 21.
Bb1 Nc4 22. Ba2 Rxd1+ 23. Rxd1 Nxa3 24. Rd7 b4 25. Na4 Rc1+ 26. Kh2 Qe5+ 27. g3 Bxe4 28. Rd1 Rxd1 29. Qxd1 Nb5 30. Qd8+ Kh7 31. Qd7 Qf6 32.
Qd2 Nd4 33. Qd1 Qxf2# 0-1

[Event "Early-Titled-Tuesday-Blitz-April-16-2024"]
[Site "Chess.com"]
[Date "2024.04.16"]
[Round "5"]
[White "amylazy"]
[Black "Vse_po_kaify"]
[Result "0-1"]
[WhiteElo "2432"]
[BlackElo "2597"]
[TimeControl "180+1"]
[EndTime "8:56:08 PDT"]
[Termination "Vse_po_kaify won by resignation"]

1. d4 Nf6 2. Nf3 e6 3. e3 b6 4.
Bd3 Bb7 5. O-O d6 6. c4 Nbd7 7. Nc3 Qe7 8. e4 e5 9. d5 g6 10. h3 Bg7 11. Bg5 h6 12. Bh4 g5 13. Bg3 Nh5 14. Bh2 Nf4 15. b4 h5 16. Rc1 g4 17.
Ne1 gxh3 18. g3 Ng6 19. c5 dxc5 20. Nb5 Qd8 21. d6 Kf8 22. dxc7 Qe7 23. Bc4 Rc8 24.
Bxf7 Qxf7 25. Nd6 Qe6 26. Nxb7 Rxc7 27. bxc5 Rxb7 28. c6 Rc7 29. cxd7 Rxd7 30. Rc8+ Ke7 31. Qc1 Bh6 32. Qa3+ Qd6 33. Qxd6+ Rxd6 34. Rxh8 Nxh8 35. g4 hxg4 36. Bxe5 Rd8 37. Nc2 Nf7 38. Bg3 Rd2 39. Ne3 Bxe3 40. fxe3 Rg2+ 0-1

[Event "Early-Titled-Tuesday-Blitz-April-16-2024"]
[Site "Chess.com"]
[Date "2024.04.16"]
[Round "5"]
[White "Schattman"]
[Black "jinxy2009"]
[Result "1-0"]
[WhiteElo "2493"]
[BlackElo "2315"]
[TimeControl "180+1"]
[EndTime "8:56:08 PDT"]
[Termination "Schattman won by checkmate"]

1. f4 d5 2. Nf3 Nf6 3. g3 c5 4. Ne5 Nc6 5. Nxc6 bxc6 6. Bg2 Bf5 7. d3 e6 8. O-O Be7 9. Nc3 h5 10. h3 Rb8 11. e4 Bh7 12. Qe2 h4 13. g4 Qc7 14. f5 Nd7 15. Bf4 e5 16. Bc1 d4 17.
Nb1 c4 18. dxc4 Qd8 19. Kh1 Bg5 20. b3 O-O 21. Bxg5 Qxg5 22. Qd2 Qxd2 23. Nxd2 f6 24.
Nf3 Kf7 25. Nxh4 a5 26. a4 Nc5 27. Rfd1 d3 28. cxd3 Nxb3 29. Rab1 Nd4 30. Nf3 Nxf3 31. Bxf3 Ke7 32. c5 Bg8 33. Rdc1 Bb3 34. Bd1 Bxd1 35. Rxd1 Kd7 36. Kg2 Kc7 37. h4 Rbd8 38. Kf2 Rd4 39. Rb6 Rxa4 40. Rdb1 Ra2+ 41. Ke3 a4 42. Rb7+ Kd8 43.
Rb8+ Ke7 44. R1b7# 1-0

[Event "Early-Titled-Tuesday-Blitz-April-16-2024"]
[Site "Chess.com"]
[Date "2024.04.16"]
[Round "5"]
[White "Gumugama"]
[Black "JAN2404"]
[Result "0-1"]
[WhiteElo "2200"]
[BlackElo "1923"]
[TimeControl "180+1"]
[EndTime "8:56:08 PDT"]
[Termination "JAN2404 won on time"]

1. e4 c5 2. Nf3 d6 3. d4 cxd4 4.
Nxd4 Nf6 5. f3 Nc6 6. c4 g6 7. Be3 Bg7 8. Nc3 O-O 9. Nb3 Be6 10. Be2 Rc8 11. Nd5 Na5 12. Nxe7+ Qxe7 13. Nxa5 Nh5 14. O-O b6 15. Nb3 Qh4 16. Rc1 Nf4 17. Qd2 Be5 18. g3 Nh3+ 19. Kg2 Qf6 20. f4 Bxb2 21.
Rc2 Ba3 22. Bd4 Qe7 23. f5 Bd7 24. Qh6 Qxe4+ 25. Kxh3 Bxf5+ 26. Rxf5 Qxf5+ 27. Kg2 f6 28. Bf3 Qxc2+ 29. Kh3 Qf5+ 30. Kg2 Rxc4 31. Qh3 Rc2+ 0-1

[Event "Early-Titled-Tuesday-Blitz-April-16-2024"]
[Site "Chess.com"]
[Date "2024.04.16"]
[Round "5"]
[White "viktorskliarov"]
[Black "Seochesspie"]
[Result "0-1"]
[WhiteElo "2627"]
[BlackElo "2867"]
[TimeControl "180+1"]
[EndTime "8:56:10 PDT"]
[Termination "Seochesspie won by resignation"]

1. e4 c5 2. Nf3 Nc6 3. Bb5 Na5 4. Be2 e6 5. O-O Nf6 6. e5 Nd5 7. c4 Ne7 8. b3 Nac6 9. Bb2 Ng6 10. Re1 Be7 11. Bf1 O-O 12. d4 cxd4 13. Na3 d6 14.
exd6 Bxd6 15. Nxd4 Nxd4 16. Qxd4 e5 17. Qc3 Qe7 18. Nc2 f6 19. b4 Be6 20. c5 Bc7 21.
Bc4 Kh8 22. Ne3 Rfd8 23. Rad1 Nf4 24. g3 Nh3+ 25. Kg2 Ng5 26. Nd5 Qf7 27. Nxc7 Qxc7 28.
Bxe6 Qc6+ 29. f3 Nxe6 30. Qc4 Ng5 31. Qg4 Qa4 32. Rxd8+ Rxd8 33. Re2 Qxa2 34. h4 Nf7 35. f4 Qc4 36. Qf3 exf4 37. gxf4 Qxb4 38. h5 Qxc5 39.
Qxb7 Nh6 40. Bxf6 gxf6 41. Re7 Rg8+ 42. Kf3 Qc3+ 43. Ke4 Qc4+ 44. Kf3 Qd3+ 45. Kf2 Ng4+ 46. Ke1 Rd8 47. h6 Nxh6 48. Rc7 Re8+ 0-1

[Event "Early-Titled-Tuesday-Blitz-April-16-2024"]
[Site "Chess.com"]
[Date "2024.04.16"]
[Round "5"]
[White "viditchess"]
[Black "AryanTari"]
[Result "1-0"]
[WhiteElo "3142"]
[BlackElo "2937"]
[TimeControl "180+1"]
[EndTime "8:56:11 PDT"]
[Termination "viditchess won by resignation"]

1. Nf3 d5 2. g3 c5 3. Bg2 Nc6 4. d4 Nf6 5. O-O e6 6. c4 dxc4 7. Qa4 Bd7 8. Qxc4 b5 9. Qd3 c4 10. Qd1 Rc8 11. Bf4 Be7 12. Nc3 Qb6 13. Ne5 Nxe5 14.
dxe5 Ng4 15. h3 Nh6 16. g4 Bc6 17. Ne4 O-O 18. Qc1 Bxe4 19. Bxe4 Qd4 20. Bg2 f6 21. exf6 Rxf6 22. Be3 Qe5 23. g5 Rg6 24. gxh6 Qh5 25. Bf4 e5 26. Bg3 Bc5 27. Kh2 Rf8 28. Qc3 Bd4 29.
Qc2 Rxh6 30. Qe4 Rg6 31. e3 Bxb2 32. Rad1 c3 33. Rd7 Rgf6 34. Rc7 R6f7 35. Rc6 Qg5 36. Qg4 Qe7 37. Bd5 Kh8 38. Bxf7 Qxf7 39. Rc8 h5 40.
Rxf8+ Qxf8 41. Qxh5+ Kg8 42. Qxe5 Qb4 43. Qd5+ Kh8 44.
Rd1 c2 45. Qh5+ 1-0

[Event "Early-Titled-Tuesday-Blitz-April-16-2024"]
[Site "Chess.com"]
[Date "2024.04.16"]
[Round "5"]
[White "mariangie523"]
[Black "abc_xyz4744"]
[Result "1-0"]
[WhiteElo "2161"]
[BlackElo "2385"]
[TimeControl "180+1"]
[EndTime "8:56:12 PDT"]
[Termination "mariangie523 won on time"]

1. e4 c5 2. Nf3 g6 3. d4 cxd4 4. Nxd4 Bg7 5. c4 Nc6 6. Be3 Nf6 7. Nc3 O-O 8. Qd2 Ng4 9. Nxc6 bxc6 10. Bd4 Bxd4 11.
Qxd4 Qb6 12. Qxb6 axb6 13. Be2 d6 14. O-O Be6 15. b3 f5 16. h3 Nf6 17. exf5 gxf5 18. Bf3 d5 19. Rfe1 Kf7 20. cxd5 cxd5 21. Nb5 Rac8 22.
Nd4 Bd7 23. Rad1 Ne4 24. Bh5+ Kf6 25. Bf3 e5 26. Ne2 Be6 27. Bxe4 fxe4 28. Ng3 Rg8 29.
Nh5+ Ke7 30. Kh2 Rc2 31. a4 Rxf2 32. Rg1 e3 33. Rde1 1-0

[Event "Early-Titled-Tuesday-Blitz-April-16-2024"]
[Site "Chess.com"]
[Date "2024.04.16"]
[Round "5"]
[White "Leo_C"]
[Black "BilodeauA"]
[Result "0-1"]
[WhiteElo "2658"]
[BlackElo "2970"]
[TimeControl "180+1"]
[EndTime "8:56:13 PDT"]
[Termination "BilodeauA won on time"]

1. e4 c5 2. Nf3 Nc6 3. Bb5 g6 4. O-O Bg7 5. Re1 a6 6. Bxc6 dxc6 7. d3 Nf6 8. Nbd2 O-O 9. h3 Ne8 10. a4 a5 11. Nc4 Nc7 12. Ra2 Ne6 13. Be3 b6 14. Ng5 Nd4 15. Nf3 Be6 16. b3 h6 17.
Nxd4 cxd4 18. Bd2 Kh7 19. f4 f5 20. exf5 Bxf5 21. Qf3 Qc7 22. Ne5 c5 23. Raa1 Rae8 24. Re2 Bc8 25. Rae1 Bb7 26. Qg3 Rf6 27. Ng4 Rf5 28. Re6 g5 29. Nxh6 Bxh6 30. Rxh6+ Kg7 31. Rh5 Rg8 32. Rxg5+ Rxg5 33. Qxg5+ Kf8 34. Qf5+ Ke8 35. Re2 Qc6 36. Qe4 Qd7 37. Qe5 Bf3 38. Rf2 Bc6 39.
Qb8+ Kf7 40. Qxb6 Qd5 41. Kf1 Rxg2 0-1